[Event "*** Titled Tuesday Blitz"]
[Site "Chess.com"]
[Date "2020.04.14"]
[Round "5"]
[White "IAgrest"]
[Black "Egorov_Pavel"]
[Result "0-1"]
[WhiteElo "2217"]
[BlackElo "2403"]
[TimeControl "180+1"]
[EndTime "10:51:33 PDT"]
[Termination "Egorov_Pavel won on time"]

1. e4 Nf6 2. e5 Nd5 3. d4 d6 4. c4 Nb6 5. exd6 cxd6 6. Nc3 g6 7. Be3 Bg7 8. Rc1 O-O 9. b3 Bf5 10. Be2 d5 11. c5 Nc8 12. b4 a6 13. Bf3 Nc6 14. a3 e6 15. Nge2 h5 16. O-O N8e7 17.
h3 h4 18. Bg5 Be4 19. Bxe4 dxe4 20. Nxe4 Qd5 21. N2c3 Qxd4 22. Qxd4 Bxd4 23. Bxh4 Nf5 24. Bf6 Bxf6 25. Nxf6+ Kg7 26. Nd7 Rfd8 27. Rcd1 Ncd4 28. Nb6 a5 29. Nxa8 axb4 30. axb4 Rxa8 31. g4 Nf3+ 32.
Kg2 N5h4+ 33. Kg3 Ra3 34. Rc1 Nd2 35. Rfe1 g5 36. Re3 f5 37. gxf5 Nxf5+ 38. Kh2 Nxe3 39. fxe3 Nf3+ 40. Kg3 Ne5 41. Kg2 Rb3 42. Rc2 Rxb4 43. Kf2 Rc4 44. Ke2 Rxc5 45. Kd2 Nc4+ 46. Kd3 Na3 47.
Rb2 b5 0-1

[Event "*** Titled Tuesday Blitz"]
[Site "Chess.com"]
[Date "2020.04.14"]
[Round "5"]
[White "Olga_Girya"]
[Black "AtabayevSaparmyrat"]
[Result "0-1"]
[WhiteElo "2473"]
[BlackElo "2770"]
[TimeControl "180+1"]
[EndTime "10:51:34 PDT"]
[Termination "AtabayevSaparmyrat won on time"]

1. d4 Nf6 2. c4 e6 3. Nf3 d5 4. Bg5 Be7 5. e3 O-O 6. Qc2 Nbd7 7. cxd5 Nxd5 8. Bxe7 Qxe7 9. e4 N5f6 10. Nc3 c5 11. e5 Nd5 12. Nxd5 exd5 13. Bd3 cxd4 14. O-O-O Nxe5 15. Bxh7+ Kh8 16. Rhe1 Be6 17. Rxe5 Rac8 18.
Rh5 g6 19. Bxg6+ Kg7 20. Rh7+ Kg8 21. Rxd4 Rxc2+ 22. Bxc2 Rc8 23. Rh5 Qc5 24. Rd2 Qb5 25.
Rg5+ Kf8 26. Nd4 Qf1+ 27. Rd1 Qxf2 28. Rg3 Qf4+ 29. Kb1 Ke7 30. Rf3 Qg4 31. Re1 Qxg2 32. Rfe3 Kd7 33. Bd3 Qxh2 34. Bb5+ Kc7 35. Nxe6+ fxe6 36. Rxe6 a6 37. Re7+ Kb8 38. Bd3 Qd2 39. R7e3 d4 0-1

[Event "*** Titled Tuesday Blitz"]
[Site "Chess.com"]
[Date "2020.04.14"]
[Round "5"]
[White "profofchess"]
[Black "grzechu96"]
[Result "0-1"]
[WhiteElo "2398"]
[BlackElo "2590"]
[TimeControl "180+1"]
[EndTime "10:51:34 PDT"]
[Termination "grzechu96 won on time"]

1. e4 c5 2. Nf3 d6 3. c3 Nf6 4. Bc4 Nc6 5. Qe2 Bg4 6. h3 Bxf3 7. Qxf3 Ne5 8. Bb5+ Nfd7 9. Qe2 a6 10. Bxd7+ Qxd7 11.
d4 cxd4 12. cxd4 Nc6 13. Be3 g6 14. d5 Nd8 15. Bd4 f6 16. Nc3 Bg7 17. O-O O-O 18.
Rae1 Rc8 19. f4 Nf7 20. Kh1 b5 21. a3 Rc4 22. Qd3 Rfc8 23. Rc1 f5 24. Bxg7 fxe4 25. Qe3 Kxg7 26. b3 R4c5 27. Qxe4 Qf5 28. Qd4+ Qf6 29.
Qxf6+ exf6 30. Ne2 Rxc1 31. Rxc1 Rxc1+ 32. Nxc1 g5 33. Nd3 gxf4 34. Nxf4 Ng5 35. g4 Kf7 36. Kg2 Ne4 37.
Ne6 a5 38. b4 a4 39. Nc7 Nc3 40. Kf3 Ke7 41. Ke3 Kd7 42. Kd3 Nd1 43. Nxb5 Nf2+ 44.
Ke3 Nxh3 45. Nc3 Ng5 46. Nxa4 Nf7 0-1

[Event "*** Titled Tuesday Blitz"]
[Site "Chess.com"]
[Date "2020.04.14"]
[Round "5"]
[White "kirillshevchenko"]
[Black "DrVelja"]
[Result "0-1"]
[WhiteElo "2851"]
[BlackElo "2648"]
[TimeControl "180+1"]
[EndTime "10:51:35 PDT"]
[Termination "DrVelja won on time"]

1. e4 c5 2. Nf3 Nc6 3. Nc3 e5 4. Bc4 Be7 5. d3 d6 6. Nd2 Nf6 7. Nf1 Nd7 8. Ne3 Nb6 9. h4 Nxc4 10. dxc4 Be6 11. h5 Bg5 12. Ncd5 O-O 13. Nf5 Nd4 14.
g4 Bxc1 15. Rxc1 Qg5 16. Kf1 Bxd5 17. cxd5 Qf4 18. h6 g6 19. Ng3 f5 20. gxf5 gxf5 21.
Nh5 Qxh6 22. c3 Nf3 23. Qxf3 Qxc1+ 24. Ke2 Qc2+ 25. Kf1 Qxe4 26. Qg3+ Qg4 27. Qh2 Qd1+ 28. Kg2 Qg4+ 29. Kf1 Kh8 30. Nf6 Qd1+ 31. Kg2 Qxh1+ 32.
Kxh1 Rxf6 33. Qh4 Rg6 34. Qe7 Rag8 35. Qh4 Rg5 36. Qh6 R5g6 37. Qh4 Rg1+ 38. Kh2 R1g6 39. Qh5 Kg7 40. Qxf5 Rf8 41. Qh5 Rxf2+ 42. Kh3 Rf4 0-1

[Event "*** Titled Tuesday Blitz"]
[Site "Chess.com"]
[Date "2020.04.14"]
[Round "5"]
[White "beto-betun"]
[Black "IMUffeVinther-Schou"]
[Result "0-1"]
[WhiteElo "2100"]
[BlackElo "2324"]
[TimeControl "180+1"]
[EndTime "10:51:35 PDT"]
[Termination "IMUffeVinther-Schou won on time"]

1. d4 Nf6 2. Nf3 e6 3. g3 c5 4. Bg2 Nc6 5. c4 cxd4 6. Nxd4 Qb6 7. Nxc6 bxc6 8. O-O Be7 9. b3 O-O 10. Bb2 a5 11. Nc3 d5 12. cxd5 cxd5 13. e4 Ba6 14.
Re1 dxe4 15. Nxe4 Nxe4 16. Bxe4 Rad8 17. Qf3 Rd2 18. Bc1 Rd7 19. Be3 Qb4 20. Rac1 Rfd8 21. Bb1 Bb7 22. Qh5 g6 23. Qh6 Bf6 24. h4 Bg7 25.
Qf4 Qb5 26. Rc5 Qa6 27. Bc2 Ba8 28. h5 Qb7 29. f3 Qxf3 30. Qxf3 Bxf3 31. hxg6 hxg6 32. Rf1 Bd1 33. Be4 Be2 34. Rf2 Rd1+ 35. Kg2 Bg4 36. Rc7 f5 37. Bb7 Re1 38. Bf4 Rdd1 39. Bg5 Bd4 40. Rfc2 Re2+ 0-1

[Event "*** Titled Tuesday Blitz"]
[Site "Chess.com"]
[Date "2020.04.14"]
[Round "5"]
[White "willc-h99"]
[Black "leopato"]
[Result "0-1"]
[WhiteElo "2301"]
[BlackElo "2108"]
[TimeControl "180+1"]
[EndTime "10:51:35 PDT"]
[Termination "leopato won on time"]

1. c4 Nf6 2. g3 Nc6 3. Bg2 d6 4. Nc3 g6 5. d3 Bg7 6. e4 O-O 7. Nge2 a6 8. O-O Rb8 9. a4 Bd7 10. h3 Nb4 11. Be3 c5 12. Kh2 Bc6 13. d4 cxd4 14.
Nxd4 Nd7 15. Qd2 Ne5 16. b3 Bd7 17. Nd5 Nxd5 18. exd5 Bc8 19. f4 Nd7 20. a5 Nc5 21. Rab1 e5 22. dxe6 fxe6 23. b4 e5 24. bxc5 exd4 25.
Bxd4 dxc5 26. Bd5+ Kh8 27. Bxc5 Re8 28. Rfe1 Bf5 29. Rxe8+ Qxe8 30. Re1 Qc8 31. Bd4 Qd7 32. Bxg7+ Qxg7 33. g4 Bd7 34. Re5 Bc6 35. Qe3 Rf8 36.
Bxc6 bxc6 37. Kg3 h6 38. Re8 Kh7 39. Rxf8 Qxf8 40. Qa7+ Kh8 41. Qd4+ Kh7 42. c5 Qe7 43. Qe5 Qb7 44. Qe3 Qd7 0-1

[Event "*** Titled Tuesday Blitz"]
[Site "Chess.com"]
[Date "2020.04.14"]
[Round "5"]
[White "mrkvoz"]
[Black "saikrishnaReturns"]
[Result "0-1"]
[WhiteElo "2781"]
[BlackElo "2626"]
[TimeControl "180+1"]
[EndTime "10:51:36 PDT"]
[Termination "saikrishnaReturns won on time"]

1. e4 e5 2. Nf3 Nc6 3. d4 exd4 4. Nxd4 Nf6 5. Nxc6 bxc6 6. Bd3 d5 7. exd5 cxd5 8.
O-O Be7 9. c4 d4 10. Bg5 O-O 11. Nd2 h6 12. Bh4 c5 13. Re1 Be6 14. Nf3 Nd7 15. Bg3 Nb6 16. b3 a5 17. Ne5 Bf6 18. Ng4 Be7 19. Ne5 Bf6 20. Qh5 Qc8 21. h3 a4 22. Ng4 Bxg4 23. hxg4 axb3 24. axb3 Rxa1 25. Rxa1 g6 26. Bxg6 fxg6 27. Qxg6+ Bg7 28. Qxb6 Qxg4 29. Qxc5 d3 30. Qd5+ Kh8 31. Rf1 Qe2 32. c5 d2 33.
c6 Re8 34. f3 Qe3+ 35. Kh2 Qe2 36. Rg1 Be5 37. Bxe5+ Rxe5 38. Qd8+ Kg7 39. Qd7+ Kf6 40. Qd6+ Kg7 41. Qd4 Kh7 42. Qd7+ Kg6 43. Qd6+ Kh7 44. Qd7+ Kh8 45. Qd8+ Kg7 46. Qd4 Kh7 47. c7 Rh5+ 48. Kg3 Qe1+ 0-1

[Event "*** Titled Tuesday Blitz"]
[Site "Chess.com"]
[Date "2020.04.14"]
[Round "5"]
[White "HarryCun"]
[Black "Danfii"]
[Result "1-0"]
[WhiteElo "2140"]
[BlackElo "2312"]
[TimeControl "180+1"]
[EndTime "10:51:36 PDT"]
[Termination "HarryCun won by resignation"]

1. Nf3 d5 2. g3 Bg4 3. Bg2 c6 4. O-O e6 5. d3 Nf6 6. Nbd2 Be7 7. h3 Bh5 8. g4 Bg6 9. Re1 O-O 10. e4 a5 11. e5 Nfd7 12. d4 c5 13. c3 Nc6 14. Nf1 b5 15. Ng3 cxd4 16. cxd4 Nb4 17. g5 Nc2 18. Bf4 Nxa1 19. Qxa1 Rc8 20. h4 Bb4 21. Rd1 Bc2 22. Rc1 Be4 23. a3 Rxc1+ 24.
Qxc1 Be7 25. Nh2 Bxg2 26. Kxg2 Qc8 27. Qe3 Qc2 28. Ng4 b4 29. axb4 axb4 30. Nf6+ gxf6 31.
gxf6 Nxf6 32. exf6 Bxf6 33. Bh6 Rc8 34. Qf4 Bg7 35.
h5 Bxh6 36. Qxh6 Qd3 37. Qf6 b3 38. Kh3 Kf8 39. Qh8+ Ke7 40. Qxc8 Qc2 41. Qxc2 bxc2 42. Ne2 Kd7 43. Kg3 Kc6 44. Kf3 Kb5 45. Ke3 Kb4 46. Nc1 f6 47. Kd2 e5 48. Kxc2 e4 49. Ne2 f5 50. Nf4 Kc4 51. Ne2 Kb4 52. b3 h6 53. Nf4 1-0

[Event "*** Titled Tuesday Blitz"]
[Site "Chess.com"]
[Date "2020.04.14"]
[Round "5"]
[White "GracefulYear"]
[Black "NFChess13"]
[Result "1-0"]
[WhiteElo "2692"]
[BlackElo "2449"]
[TimeControl "180+1"]
[EndTime "10:51:37 PDT"]
[Termination "GracefulYear won by resignation"]

1. d4 Nf6 2. Nf3 g6 3. c4 Bg7 4. g3 O-O 5. Bg2 c6 6. O-O d5 7. cxd5 cxd5 8. Ne5 Nc6 9. Nxc6 bxc6 10. Nc3 Bf5 11. b3 Nd7 12. Ba3 Re8 13. Na4 e5 14. e3 Rc8 15. Rc1 Qa5 16. Bb2 h5 17.
a3 h4 18. b4 Qd8 19. g4 Be6 20. h3 a5 21. Nc5 Nxc5 22. Rxc5 axb4 23. axb4 Bf8 24.
Rc2 Bxb4 25. dxe5 c5 26. Qf3 Qa5 27. Qf6 Qd8 28. Qf4 c4 29. Bd4 Be7 30. e4 Bg5 31. Qf3 dxe4 32. Qxe4 Bd7 33. Qd5 Bc6 34. Qxd8 Rexd8 35. Rxc4 Bxg2 36. Rxc8 Bxf1 37. Rxd8+ Bxd8 38. Kxf1 Kf8 39. Ke2 Ke7 40. f4 Ke6 41. Ke3 Ba5 42. Ke4 Be1 43.
Bb6 f6 44. f5+ gxf5+ 45. gxf5+ Kf7 46. e6+ Ke8 47. Kf4 Bd2+ 48. Kg4 Be1 49. Kh5 Ke7 50. Bc5+ Ke8 51. Kg6 Bc3 52. Bf2 Ke7 53. Bxh4 Be5 54. Bf2 1-0

[Event "*** Titled Tuesday Blitz"]
[Site "Chess.com"]
[Date "2020.04.14"]
[Round "5"]
[White "AlanZhang"]
[Black "ENEASZ"]
[Result "0-1"]
[WhiteElo "2176"]
[BlackElo "2500"]
[TimeControl "180+1"]
[EndTime "10:51:37 PDT"]
[Termination "ENEASZ won on time"]

1. e4 d6 2. d4 Nf6 3. Nc3 e5 4. d5 Be7 5. f3 O-O 6. Be3 c6 7.
dxc6 bxc6 8. Bc4 Bb7 9. Bb3 d5 10. exd5 cxd5 11. Nce2 d4 12. Bd2 a5 13. a4 Nbd7 14. Nh3 Nc5 15. Bc4 h6 16. O-O Re8 17.
Ng3 Qd7 18. Nf2 Nxa4 19. Qe2 Nxb2 20. Bb5 d3 21. Bxd3 Nxd3 22. Nxd3 a4 23. Qxe5 a3 24.
Qc3 a2 25. Nb4 Nd5 26. Nxd5 Qxd5 27. Ne4 f5 28. Nf2 Bf6 29. Qb4 Bxa1 30. Rxa1 Kh7 31. Nd3 Ba6 32. Nc5 Qc4 33. Nxa6 Qxa6 34. Qf4 Qb5 35.
Bc3 Qb1+ 36. Kf2 Qb6+ 37. Kg3 Qc5 38. Qd2 Red8 39. Qe1 Re8 40. Qd2 Rad8 41. Qf4 Qxc3 42. Qxf5+ g6 43. Qf7+ Qg7 44. Qxg7+ Kxg7 45. Rxa2 Ra8 46. Rb2 Reb8 47. Rb3 Rxb3 48. cxb3 Rb8 49. Kf4 Rxb3 50. Ke5 Rb5+ 51. Ke4 Rb2 52. g3 Rg2 53. f4 Rxh2 0-1

[Event "*** Titled Tuesday Blitz"]
[Site "Chess.com"]
[Date "2020.04.14"]
[Round "5"]
[White "pollo2016"]
[Black "Gulkov_Igor"]
[Result "0-1"]
[WhiteElo "2566"]
[BlackElo "2397"]
[TimeControl "180+1"]
[EndTime "10:51:37 PDT"]
[Termination "Gulkov_Igor won by resignation"]

1. d4 Nf6 2. c4 g6 3. Nc3 Bg7 4. e4 d6 5. Nge2 O-O 6. Ng3 e5 7. d5 a5 8. Be2 Na6 9. Be3 h5 10. h4 Bd7 11. Qd2 Nc5 12. f3 a4 13. Bh6 Bxh6 14.
Qxh6 Nh7 15. Nf1 Qf6 16. g3 Qg7 17. Qxg7+ Kxg7 18. g4 hxg4 19. fxg4 Nf6 20. Nd2 Bxg4 21. Bxg4 Nxg4 22. Ke2 Nf6 23. Rag1 Nh5 24. Ke3 c6 25. Ne2 Rh8 26. Rg4 Nf6 27. Rg3 Nh5 28. Rg4 Rh7 29.
Ng3 Nxg3 30. Rxg3 Rah8 31. Nf3 Rh5 32. Rg4 Kf6 33. Ng5 Ke7 34. Nf3 Nd7 35. b4 axb3 36. axb3 Ra8 37. dxc6 bxc6 38. Nd2 Nc5 39. b4 Ra3+ 40. Ke2 Ne6 41. Rb1 Rh8 42. b5 Rb8 43. bxc6 Rxb1 44. Nxb1 Ra6 45. Nc3 Rxc6 46. Nd5+ Kf8 47. Kd3 Ra6 48. h5 Ra3+ 49. Kd2 gxh5 50. Rh4 Ng5 51. Nc3 Nf3+ 0-1

[Event "*** Titled Tuesday Blitz"]
[Site "Chess.com"]
[Date "2020.04.14"]
[Round "5"]
[White "H3nriqueTV"]
[Black "GasconJR"]
[Result "0-1"]
[WhiteElo "2230"]
[BlackElo "2442"]
[TimeControl "180+1"]
[EndTime "10:51:37 PDT"]
[Termination "GasconJR won on time"]

1. e4 e5 2. Nf3 Nc6 3. Bb5 Nf6 4.
d3 Bc5 5. c3 d5 6. Nxe5 O-O 7.
d4 Nxe5 8. dxc5 dxe4 9. Qxd8 Rxd8 10. Bf4 Rd5 11. b4 c6 12. Bxe5 Rxe5 13. Be2 Bg4 14.
Nd2 e3 15. Nf3 exf2+ 16. Kxf2 Ne4+ 17. Ke3 Re7 18. Kf4 f5 19. Bc4+ Kf8 20. Ng5 Nxg5 21. Kxg5 Re4 22. Bd3 h6+ 23. Kg6 Re6+ 24. Kh7 Rd8 25. Bc4 Rf6 26. Rhe1 Bh5 27. Re5 Bg6+ 28. Kh8 Bf7 29. Bxf7 Rxf7 30. Kh7 Rf6 31. Rae1 Rd7 32.
Re8+ Kf7 33. Rg8 Rg6 34. Ree8 Kf6 35. h4 Rxg2 36. Rgf8+ Rf7 37. Rxf7+ Kxf7 38. Rb8 g5 39. Rxb7+ Kf6 40. h5 g4 41. Kxh6 g3 42. Rg7 f4 43.
Rg6+ Kf5 44. Kg7 Rh2 45. h6 g2 46. h7 f3 47. Rg3 Kf4 0-1

[Event "*** Titled Tuesday Blitz"]
[Site "Chess.com"]
[Date "2020.04.14"]
[Round "5"]
[White "StockholmMissile"]
[Black "albano87"]
[Result "0-1"]
[WhiteElo "2404"]
[BlackElo "2186"]
[TimeControl "180+1"]
[EndTime "10:51:37 PDT"]
[Termination "albano87 won by checkmate"]

1. d4 d5 2. c4 e6 3. Nf3 Nf6 4.
Bg5 Be7 5. e3 O-O 6. Qc2 b6 7.
cxd5 exd5 8. Bd3 Nbd7 9. O-O Bb7 10. Nc3 c5 11. Rfd1 g6 12. Rac1 a6 13. h3 c4 14. Bf1 b5 15. a3 Rc8 16. Ne5 Ne4 17. Bxe7 Qxe7 18. Nxd7 Qxd7 19. f3 Nxc3 20. bxc3 f5 21. Re1 Rce8 22. Qb2 Re6 23. Re2 Rfe8 24.
Rce1 Qe7 25. Qb4 Qg5 26. Kf2 h5 27. a4 Bc6 28. axb5 axb5 29. Qc5 h4 30. Qa7 Qg3+ 31.
Kg1 R8e7 32. Qa3 Qg5 33. Kf2 Qg3+ 34. Kg1 g5 35. Ra1 g4 36. fxg4 fxg4 37. e4 dxe4 38. Qc5 gxh3 39. d5 Qe5 40. Rd1 Rd7 41. gxh3 Rxd5 42. Rg2+ Kf7 43. Rxd5 Qxd5 44. Qa7+ Qd7 45.
Qf2+ Rf6 46. Qxh4 Qf5 47. Be2 e3 48. Bh5+ Kf8 49. Qd4 Qf1+ 50. Kh2 Qxg2# 0-1

[Event "*** Titled Tuesday Blitz"]
[Site "Chess.com"]
[Date "2020.04.14"]
[Round "5"]
[White "Jojo_1608"]
[Black "Alopekos"]
[Result "0-1"]
[WhiteElo "2232"]
[BlackElo "2426"]
[TimeControl "180+1"]
[EndTime "10:51:37 PDT"]
[Termination "Alopekos won by resignation"]

1. d4 Nf6 2. c4 e6 3. Nc3 d5 4. e3 c5 5. Nf3 Nc6 6. dxc5 Bxc5 7.
cxd5 exd5 8. Be2 O-O 9. O-O Re8 10. Nd4 h6 11. Bf3 Ne5 12. Be2 a6 13. b3 Bd6 14.
Bb2 Neg4 15. h3 Ne5 16. Qc2 Bb8 17. Rad1 Qd6 18. f4 Nc6 19. Nxc6 bxc6 20. Bc1 Ba7 21.
Rf3 Bb7 22. Kh1 Re6 23. e4 Nxe4 24. Nxe4 Rxe4 25. Qxe4 dxe4 26. Rxd6 exf3 27. Bxf3 Re8 28. Bb2 Bb8 29. Rd7 Bxf4 30. Bc3 Bc8 31. Rd1 Bf5 32. Bxc6 Re3 33. Bd2 Rd3 34. Bxf4 Rxd1+ 35. Kh2 Ra1 36. a4 Bc2 37. Bb7 Bxb3 38. Bxa6 Rxa4 39. Bb5 Rxf4 40. Kg3 g5 41. h4 Rxh4 42. Be2 Rf4 43. Bf3 Be6 44. Bg4 Kg7 45. Bf3 Kf6 46. Be2 Ke5 47. Bf3 f5 48. Be2 Bd5 0-1

[Event "*** Titled Tuesday Blitz"]
[Site "Chess.com"]
[Date "2020.04.14"]
[Round "5"]
[White "Szczor"]
[Black "Oligan22"]
[Result "0-1"]
[WhiteElo "2562"]
[BlackElo "2404"]
[TimeControl "180+1"]
[EndTime "10:51:39 PDT"]
[Termination "Oligan22 won by resignation"]

1. e4 c6 2. d4 d5 3. Nc3 dxe4 4. Nxe4 Nf6 5. Nxf6+ exf6 6. Nf3 Bd6 7. Be2 O-O 8. O-O Nd7 9. Re1 Re8 10. b3 Nf8 11. a4 Be6 12. Ba3 Ng6 13. Bxd6 Qxd6 14. Qd2 Nf4 15. Bf1 Bg4 16. Rxe8+ Rxe8 17. Re1 Rd8 18. Re4 g5 19. Qe3 Kg7 20. c4 f5 21. Re5 Qf6 22. Ne1 Ng6 23. Ra5 a6 24. h3 f4 25.
Qc3 Bf5 26. Nf3 h5 27. Bd3 Bxd3 28. Qxd3 g4 29. hxg4 hxg4 30. Nh2 Rxd4 31. Qe2 f3 32. gxf3 Nf4 33. Qe5 Rd1+ 34. Nf1 Qxe5 35. Rxe5 gxf3 36.
Kh2 Rxf1 37. Kg3 Ng6 38. Re3 Kf6 39. Kxf3 Ne5+ 40. Ke4 Rxf2 41. Rc3 Re2+ 42. Kd4 b6 43. c5 b5 44. axb5 axb5 45. b4 Ke6 46. Rh3 Rd2+ 47. Kc3 Rd1 48. Rh6+ Kd5 49. Rh8 Rd3+ 50. Kc2 Kc4 51. Rc8 Kxb4 52. Re8 Rc3+ 53. Kd2 f6 54. Rxe5 fxe5 0-1

[Event "*** Titled Tuesday Blitz"]
[Site "Chess.com"]
[Date "2020.04.14"]
[Round "5"]
[White "francyIM"]
[Black "Angry_Twin"]
[Result "0-1"]
[WhiteElo "2624"]
[BlackElo "2834"]
[TimeControl "180+1"]
[EndTime "10:51:40 PDT"]
[Termination "Angry_Twin won by resignation"]

1. Nf3 d5 2. c4 e6 3. g3 Nf6 4. Bg2 Be7 5. O-O O-O 6. b3 b6 7.
Bb2 Bb7 8. e3 c5 9. Qe2 dxc4 10.
bxc4 Nc6 11. d3 Nb4 12. Rd1 Qc7 13. a3 Nc6 14. Ne1 Na5 15. f4 Rad8 16. Nc3 Bxg2 17. Qxg2 Rd7 18. g4 Rfd8 19. g5 Ne8 20. h4 Nd6 21. h5 Nf5 22. Qf3 Qb7 23. Ne4 Nd6 24.
Nf2 Qxf3 25. Nxf3 Nf5 26. Re1 f6 27. Rad1 fxg5 28. fxg5 Bd6 29. Bc3 Bg3 30. Ne5 Bxe5 31. Bxe5 Nh4 32. Bc3 Nf3+ 33. Kf1 Nxe1 34. Kxe1 Nc6 35.
Ke2 e5 36. Ne4 Kf7 37. Rf1+ Ke6 38. Rd1 Rf8 39. Be1 Ne7 40. Bf2 Nf5 41. Nc3 Rfd8 42. a4 Ne7 43. e4 Rf8 44. a5 Nc6 45. axb6 axb6 46. Nd5 Rdf7 47. Be3 Nd4+ 48. Bxd4 exd4 49. Nxb6 Rf2+ 50. Ke1 Rf1+ 51. Kd2 R8f2+ 52. Kc1 Rxd1+ 53. Kxd1 Rg2 54. g6 h6 55. Nd5 Rg5 56. Ke2 Ke5 57. Ne7 Rxh5 58. Kf3 Rg5 59. Kf2 h5 60. Kf3 h4 61.
Nc6+ Kf6 62. e5+ Ke6 63. Kf4 Rg1 64. Nd8+ Kd7 65. Nb7 h3 66. Nxc5+ Ke7 0-1

[Event "*** Titled Tuesday Blitz"]
[Site "Chess.com"]
[Date "2020.04.14"]
[Round "5"]
[White "Generalas"]
[Black "MaxVavulin"]
[Result "0-1"]
[WhiteElo "2295"]
[BlackElo "2517"]
[TimeControl "180+1"]
[EndTime "10:51:40 PDT"]
[Termination "MaxVavulin won by resignation"]

1. e4 g6 2. d4 Bg7 3. Nc3 a6 4. a4 d6 5. Bg5 Nf6 6. Qd2 h6 7. Bf4 g5 8. Bg3 Nh5 9. Be2 Nxg3 10. hxg3 Nc6 11. d5 Ne5 12. f4 Ng4 13. fxg5 Be5 14.
Rh3 Rg8 15. Nf3 hxg5 16. Nxe5 Nxe5 17. Rh5 f6 18. Rh7 Bg4 19. O-O-O Qd7 20. Qd4 c5 21.
dxc6 bxc6 22. Rdh1 Bxe2 23. Nxe2 Rb8 24. Rh8 Kf8 25.
Nc3 Nf7 26. Rxg8+ Kxg8 27. e5 Nxe5 28. Ne4 Kg7 29. Qd2 Qg4 30. Qe3 Rb4 31. Nf2 Qd4 32.
Qxd4 Rxd4 33. b3 Rb4 34. Kd2 c5 35. Kc3 a5 36. Rd1 Rb6 37. Rh1 Rb8 38. Rh2 Kg6 39. Rh1 d5 40. Rd1 d4+ 41. Kb2 Nc4+ 42. Kc1 Ne3 43.
Re1 e5 44. Nd3 c4 45. Nc5 Rc8 46. Ne4 cxb3 47. Re2 bxc2 48. Nd6 Rc3 49. Nb5 Rb3 50. Re1 Rb1+ 51. Kd2 Rxe1 52. Kxe1 0-1

[Event "*** Titled Tuesday Blitz"]
[Site "Chess.com"]
[Date "2020.04.14"]
[Round "5"]
[White "vanea_03"]
[Black "Abdimalik_Abdisalimov"]
[Result "0-1"]
[WhiteElo "2613"]
[BlackElo "2801"]
[TimeControl "180+1"]
[EndTime "10:51:41 PDT"]
[Termination "Abdimalik_Abdisalimov won by resignation"]

1. d4 Nf6 2. c4 g6 3. Nc3 Bg7 4. e4 d6 5. Nge2 O-O 6. Ng3 Nc6 7. d5 Ne5 8. Be2 a5 9. O-O c6 10. h3 Ned7 11. Be3 Nc5 12. dxc6 bxc6 13. Bxc5 dxc5 14.
Qxd8 Rxd8 15. e5 Nd7 16. f4 g5 17. Nf5 Bf8 18. g3 Nb6 19. fxg5 Rd2 20. Rad1 Rxb2 21. Bh5 Be6 22. Ne4 Bxc4 23. Rfe1 Be6 24. g4 c4 25. Nc5 Bd5 26. e6 fxe6 27. Nxe6 Ra7 28.
Nf4 c3 29. g6 c2 30. Rc1 hxg6 31. Bxg6 Nc4 32. Nxd5 cxd5 33. Nd4 e5 34. Nc6 Bc5+ 35. Kh1 e4 36. Nxa7 Bxa7 37. Re2 Na3 38. Kh2 Kg7 39. Be8 Bb8+ 40. Kg2 Bf4 41. Rf1 c1=Q 0-1

[Event "*** Titled Tuesday Blitz"]
[Site "Chess.com"]
[Date "2020.04.14"]
[Round "5"]
[White "TheCount"]
[Black "fmshawnrl123"]
[Result "1/2-1/2"]
[WhiteElo "2603"]
[BlackElo "2766"]
[TimeControl "180+1"]
[EndTime "10:51:41 PDT"]
[Termination "Game drawn - insufficient material"]

1. e4 c6 2. d4 d5 3. e5 Bf5 4. Nf3 e6 5. Be2 Bb4+ 6. Nbd2 Ba5 7. O-O Nd7 8. Nb3 Bc7 9. a4 f6 10. Bf4 Ne7 11. Bg3 Ng6 12. exf6 Nxf6 13. Nc5 b6 14.
Nd3 O-O 15. a5 Ne4 16. axb6 Bxg3 17. hxg3 axb6 18. Nfe5 Qc7 19. Rxa8 Rxa8 20. g4 Nxe5 21. Nxe5 Bg6 22. Bd3 c5 23. Nxg6 hxg6 24. Bxe4 dxe4 25. dxc5 Qxc5 26. Qe2 Qe5 27. b3 Rf8 28. Re1 Qc5 29.
Rd1 g5 30. c4 Rf4 31. Rd8+ Kf7 32. Rd7+ Kg8 33. Rd8+ Kf7 34. Rd7+ Kf8 35. Qe3 Qc6 36. Qd4 Rf6 37. Rd6 Qc7 38. Qxb6 Qe7 39. Qc6 Kg8 40.
Qd7 Kf7 41. Qxe7+ Kxe7 42. Rc6 Rf4 43. g3 Rxg4 44. Kg2 e3 45. f3 Rd4 46. Kf1 Rd2 47. Rc7+ Kd6 48. Rxg7 Rf2+ 49. Ke1 Rxf3 50. Rxg5 Rf2 51. c5+ Kc6 52. Re5 Rf3 53. Ke2 Rxg3 54.
Rxe6+ Kxc5 55. Rxe3 Rxe3+ 56. Kxe3 Kb4 57. Kd2 Kxb3 1/2-1/2

[Event "*** Titled Tuesday Blitz"]
[Site "Chess.com"]
[Date "2020.04.14"]
[Round "5"]
[White "NovakCabarkapa"]
[Black "Witik"]
[Result "0-1"]
[WhiteElo "2521"]
[BlackElo "2725"]
[TimeControl "180+1"]
[EndTime "10:51:41 PDT"]
[Termination "Witik won on time"]

1. d4 Nf6 2. Nc3 d5 3. Bf4 g6 4. e3 Bg7 5. h4 h6 6. Nf3 Bg4 7. Be2 c6 8. Ne5 Bxe2 9. Qxe2 Nfd7 10. O-O-O Qa5 11. Kb1 O-O 12. e4 dxe4 13. Nxe4 Nf6 14. Nxf6+ exf6 15. Ng4 Qh5 16. Nxh6+ Bxh6 17. Qxh5 gxh5 18.
Bxh6 Re8 19. Rh3 Kh7 20. Be3 Nd7 21. Rf3 Re4 22. g3 Kg7 23. Rf5 Kg6 24. Ra5 Nb6 25. c3 Nc4 26. Ra4 Nxe3 27. fxe3 Rxe3 28. Rg1 a6 29.
Ra5 Rae8 30. Kc2 Re2+ 31. Kb3 Rh2 32. g4 Ree2 33. gxh5+ Kh6 34. Rf5 Rxb2+ 35. Kc4 Rhf2 36. Rxf2 Rxf2 37. Rb1 b5+ 38. Kc5 Rc2 39. Rb3 Rxa2 40. Kxc6 Rc2 41. d5 Kxh5 42. d6 Rd2 43. Rb4 f5 44.
Rd4 Rg2 45. d7 Rg8 46. Rf4 Kg6 0-1

[Event "*** Titled Tuesday Blitz"]
[Site "Chess.com"]
[Date "2020.04.14"]
[Round "5"]
[White "Manukyan_Artak"]
[Black "CMS13"]
[Result "1-0"]
[WhiteElo "2330"]
[BlackElo "2127"]
[TimeControl "180+1"]
[EndTime "10:51:41 PDT"]
[Termination "Manukyan_Artak won by resignation"]

1. e4 e5 2. Nf3 Nc6 3. d4 exd4 4. Nxd4 Bc5 5. Nxc6 bxc6 6. Bc4 Nf6 7. e5 Qe7 8.
O-O Qxe5 9. Re1 Ne4 10. Qf3 d5 11. Nc3 f5 12. Bf4 Qd4 13. Nxe4 fxe4 14. Qh5+ g6 15.
Qh4 Qxc4 16. Qf6 Rf8 17. Qxc6+ Bd7 18. Qxa8+ Ke7 19. Bg5+ Ke6 20. Qb7 Bxf2+ 21. Kh1 Bxe1 22. Be3 Rf1+ 23. Bg1 Qd4 24. Qa6+ c6 25. Qxf1 Qxb2 26. Rxe1 Qxc2 27. Qf2 Qxf2 28. Bxf2 Ke5 29. Rd1 Bg4 30.
Rd2 c5 31. Bxc5 Kf4 32. Rf2+ Ke5 33. Rd2 Kf4 34. Bxa7 e3 35. Bxe3+ Kxe3 36. Rxd5 Kf2 37. Rd6 Bf5 38. Rf6 Ke3 39. a4 Kd4 40. a5 Ke5 41.
Rc6 Be4 42. Rc1 Kf4 43. Kg1 Ke3 44. a6 Kd2 45. Rc7 Ke3 46. a7 Kd4 47. Rc8 Bb7 48. a8=Q Bxa8 49. Rxa8 Ke5 50. Rh8 Kf6 51. Rxh7 Kg5 52.
Rh3 Kg4 53. Rg3+ Kh5 54. Kf2 g5 55. Rf3 Kh4 56. Re3 g4 57. Re4 Kh5 58. Kg3 Kg5 59.
Rxg4+ Kh6 60. h4 Kh5 1-0

[Event "*** Titled Tuesday Blitz"]
[Site "Chess.com"]
[Date "2020.04.14"]
[Round "5"]
[White "Olga_Zhuravleva"]
[Black "steepedgames"]
[Result "1-0"]
[WhiteElo "2240"]
[BlackElo "2423"]
[TimeControl "180+1"]
[EndTime "10:51:42 PDT"]
[Termination "Olga_Zhuravleva won by checkmate"]

1. e4 e6 2. d4 d5 3. Nd2 Nf6 4. e5 Nfd7 5. Bd3 c5 6. c3 b6 7. Ne2 Ba6 8. Bc2 Nc6 9. Nf3 Be7 10.
O-O O-O 11. Re1 Bxe2 12. Qxe2 a6 13. a4 Qb8 14. Qd3 g6 15. Bh6 Re8 16. Ng5 cxd4 17. cxd4 Nb4 18. Qd2 Nxc2 19. Qxc2 b5 20. axb5 Qxb5 21.
h4 Reb8 22. Rab1 Qc4 23. Qd2 Rb4 24. Nf3 Rab8 25. Rec1 Qb5 26. Rc7 Bd8 27. Rc2 a5 28. h5 a4 29. hxg6 hxg6 30. Qe3 Rb3 31. Qf4 Qd3 32. Rbc1 Rxb2 33. Rc8 Qf5 34. Qh4 g5 35. Bxg5 Qh7 36. Qxh7+ Kxh7 37. Bxd8 a3 38. Ra1 a2 39. Rxb8 Rxb8 40. Rxa2 Rxd8 41. Ra7 Kg6 42. g3 f6 43. Kg2 fxe5 44. Rxd7 Re8 45. Nxe5+ Kf5 46. Kf3 Kf6 47. Rf7+ Kg5 48. Kg2 Rb8 49. f4+ Kh6 50. Kf3 Rb3+ 51.
Kg4 Re3 52. Rf6+ Kg7 53. Rxe6 Re4 54. Kf5 Kf8 55. g4 Rxd4 56. g5 Rd1 57. g6 d4 58. Kf6 Rg1 59. Nd7+ Kg8 60. Re8# 1-0